 Dungeon Crawl Stone Soup version 0.28-a0-991-g956f0ee3d5 (webtiles) character file.

Game seed: 8769893810865009877

175 Sabo the Vexing (level 5, -5/57 HPs)
             Began as a Formicid Arcane Marksman on Dec 4, 2021.
             Was an Initiate of Ru.
             Succumbed to Robin's poison
             ... on level 3 of the Dungeon.
             The game lasted 00:28:24 (4048 turns).

Sabo the Vexing (Formicid Arcane Marksman)          Turns: 4048, Time: 00:28:24

Health: -5/57      AC: 22    Str: 15    XL:     5   Next: 86%
Magic:  7/8        EV:  2    Int: 14    God:    Ru [......]
Gold:   128        SH:  0    Dex: 11    Spells: 7/8 levels left

rFire   . . .      SeeInvis .   a - +1 hand crossbow
rCold   . . .      Faith    .   (no shield)
rNeg    . . .      Spirit   .   (armour currently unavailable)
rPois   +          Reflect  .   (helmet unavailable)
rElec   .          Harm     .   (cloak currently unavailable)
rCorr   .          Rampage  .   (gloves currently unavailable)
Will    .....                   (boots currently unavailable)
Stlth   ..........              (no amulet)
HPRegen 0.19/turn               f - ring of wizardry
MPRegen 0.11/turn               (no ring)

@: lethally poisoned (-5 -> -46), tree-form
A: stationary, stasis, torment immunity, boosted hp, permanent stasis, dig
shafts and tunnels, (antennae 3), no stealth, four strong arms
a: Renounce Religion


You were on level 3 of the Dungeon.
You worshipped Ru.
Ru was noncommittal.
You were a tree.
You visited 1 branch of the dungeon, and saw 3 of its levels.

You collected 128 gold pieces.

Inventory:

Hand Weapons
 a - a +1 hand crossbow (weapon)
 g - a +0 vampiric whip
 h - a +0 rapier
Missiles
 c - 46 bolts (quivered ammo)
 e - 52 arrows
Armour
 p - a +2 robe of resistance (melded)
Jewellery
 f - a ring of wizardry (left branch)
Wands
 n - a wand of polymorph (9)
Scrolls
 i - a scroll of immolation {unknown}
 m - a scroll of fog {unknown}
 q - a scroll of noise {unknown}
Potions
 j - 2 potions of brilliance {unknown}
 k - 2 potions of invisibility {unknown}
 l - 2 potions of mutation {unknown}
 o - a potion of curing {unknown}
 r - a potion of lignification


   Skills:
 + Level 1.8 Fighting
 + Level 0.2 Short Blades
 + Level 3.8 Crossbows
 + Level 2.1 Dodging
 + Level 2.4 Spellcasting
 + Level 4.6 Hexes


You had 7 spell levels left.
You knew the following spells:

 Your Spells              Type           Power      Damage    Failure   Level
a - Slow                  Hex            56%        N/A       1%          1

Your spell library contained the following spells:

 Spells                   Type           Power      Damage    Failure   Level
 Inner Flame              Hex/Fire       8%         N/A       11%         3
 Portal Projectile        Hex/Tloc       16%        N/A       11%         3
 Cause Fear               Hex            7%         N/A       14%         4
 Discord                  Hex            7%         N/A       100%        8


Dungeon Overview and Level Annotations

Branches:
Dungeon (3/15)

Altars:
Ru
Zin

Annotations:
D:3 Robin


Innate Abilities, Weirdness & Mutations

You are a tree.
Your roots penetrate the ground, keeping you stationary.
You cannot be teleported.
You are immune to unholy pain and torment.
Your maximum health is greatly increased.
Your equipment is partially melded.
You cannot be hasted, slowed, berserked, paralysed or teleported.
You can dig through walls and to a lower floor.
((You have a pair of large antennae on your head. (SInv)))
You cannot be stealthy.
Your four strong arms can wield two-handed weapons with a shield.


Message History

Fire: 49 bolts
Press: ? - help, Q - select action, (/) - cycle Shift-Dir - straight line, f - Robin
Aim: Robin, wielding a +4 spear of venom, wearing a +0 animal skin and wearing a +0 helmet (69% to hit)
You shoot a bolt. The bolt hits Robin but does no damage.
Robin barely misses you. The hobgoblin hits you.
Fire: 48 bolts
Press: ? - help, Q - select action, (/) - cycle Shift-Dir - straight line, f/p - Robin
Aim: Robin, wielding a +4 spear of venom, wearing a +0 animal skin and wearing a +0 helmet (69% to hit)
You shoot a bolt. The bolt hits Robin!
Robin is severely wounded.
Robin drinks a potion.
Robin is healed!
The hobgoblin hits you.
Robin says, "My goblins will feast on your bones."
Robin hits you from afar with a +4 spear of venom.
You are poisoned.
Fire: 47 bolts
Press: ? - help, Q - select action, (/) - cycle Shift-Dir - straight line, f/p - Robin
Aim: Robin, wielding a +4 spear of venom, wearing a +0 animal skin and wearing a +0 helmet (69% to hit)
You shoot a bolt. The bolt closely misses Robin.
You feel very sick. The hobgoblin completely misses you.
Robin hits you from afar with a +4 spear of venom.
You are lethally poisoned!
The hobgoblin hits you but does no damage.
Okay, then.
Casting: Slow (safe; 1% risk of failure)
Confirm with . or Enter, or press ? or * to list all spells.
Aiming: Slow (safe; 1% risk of failure)
Press: ? - help, Shift-Dir - straight line, f/p - Robin
Aim: Robin, wielding a +4 spear of venom, wearing a +0 animal skin and wearing a +0 helmet (chance to affect: 60%) Robin seems to slow down.
You feel very sick. The hobgoblin hits you.
* * * LOW HITPOINT WARNING * * *
Robin hits you from afar with a +4 spear of venom!
* * * LOW HITPOINT WARNING * * *
You are more poisoned.
It was a potion of lignification.
You turn into a tree.
Your +2 robe of resistance melds into your body.
You feel hot and cold all over.
Your roots penetrate the ground.
You die...

#..##
##.##
#.## #(#
...## #.#
....###
#.#
......#
###)####
....#.#
#......#
...##.#
#.#g##.#
#####.#
#.#(##.##
#.# #
#♣g(.(#
#.#
####..#
#####.#
.#
......# #
#######


You could see Robin (slow) and a hobgoblin.

Vanquished Creatures
  Jessica (D:3)
  An orc wizard (D:2)
  4 adders (D:2)
  2 worms
  3 dart slugs
  3 orcs (D:2)
  6 ball pythons
  6 endoplasms
  2 giant cockroaches (D:1)
  12 goblins
  9 hobgoblins
  4 jackals (D:1)
  6 kobolds
  A quokka (D:3)
  4 bats
  2 frilled lizards (D:1)
  5 rats
71 creatures vanquished.

Notes
Turn   | Place    | Note
-------+----------+-------------------------------------------
     0 | D:1      | Sabo the Formicid Arcane Marksman began the quest for the
                  | Orb.
     0 | D:1      | Reached XP level 1. HP: 15/15 MP: 2/2
   149 | D:1      | Reached XP level 2. HP: 21/21 MP: 1/3
   836 | D:1      | Reached XP level 3. HP: 19/26 MP: 2/4
  1310 | D:1      | Reached skill level 4 in Hexes
  1730 | D:2      | Reached XP level 4. HP: 14/32 MP: 2/6
  2058 | D:2      | Found a faded altar of an unknown god.
  2058 | D:2      | Noticed a chaos spawn
  2069 | D:2      | Prayed at the altar of an unknown god.
  2069 | D:2      | Became a worshipper of Ru the Awakened
  2076 | D:2      | Gained mutation: You cannot be stealthy. [Ru sacrifice]
  2292 | D:2      | Found a glowing silver altar of Zin.
  2503 | D:2      | Reached XP level 5. HP: 37/37 MP: 6/8
  3470 | D:3      | Noticed Jessica
  3474 | D:3      | Killed Jessica
  4042 | D:3      | Noticed Robin
  4048 | D:3      | Succumbed to Robin's poison

Illustrated notes

Levels and vault maps discovered:
D:1:      amcnicky_arrival_single_pillar, layout_basic,
          minmay_misc_feat_ornament
D:2:      layout_rooms, dreamdust_ecumenical_altar_sealed_demon, basic_altar,
          minmay_increasing_density
D:3:      layout_loops_corners, kennysheep_jessica_study, uniq_robin

Skill      XL: |  1  2  3  4 |
---------------+-------------+-----
Dodging        | 2 |  2.1
Hexes          | 4 |  4.6
Crossbows      | 3 |  3.8
Spellcasting   | 2 |  2.4
Fighting       | |  1.8
Short Blades   | |  0.2

Action                   |  1- 3 |  4- 6 || total
-------------------------+-------+-------++-------
Melee: Rapier            |    21 |       ||    21
 Fire: Hand crossbow     |    61 |    84 ||   145
 Cast: Slow              |    36 |    23 ||    59
Invok: Sacrifice Stealth |       |     1 ||     1
 Abil: Dig               |     5 |     3 ||     8
  Use: Scroll            |     1 |     2 ||     3
       Potion            |       |     1 ||     1
Armor: Robe              |    16 |     4 ||    20
Dodge: Dodged            |    38 |    22 ||    60

Table legend: (Time is in decaauts)
 A = Elapsed time spent in this place.
 B = Non-inter-level travel time spent in this place.
 C = Inter-level travel time spent in this place.
 D = Time resting spent in this place.
 E = Time spent auto-exploring this place.
 F = Levels seen in this place.
 G = Mean time per level.
                   A        B        C        D        E       F      G
               +--------+--------+--------+--------+--------+-----+--------+
         Total |   4107 |   4107 |      0 |   1342 |      0 |   3 | 1369.0 |
       Dungeon |   4107 |   4107 |      0 |   1342 |      0 |   3 | 1369.0 |
               +--------+--------+--------+--------+--------+-----+--------+

Top non-repeatable levels by time:
     D:1: 1696 daAuts
     D:2: 1567 daAuts
     D:3: 844 daAuts
